Map: [ESL] Hardwire

Players

Reynor

  • Race: Zerg Zerg

Dark - Winner!

  • Race: Zerg Zerg

Event: IEM Katowice 2022

VOD

Have the link to the VOD?

Description

Time

  • Played on: Feb. 26, 2022, 11:54 a.m.
  • Length: 35:08

All games in this series

Show
View Real Time Build Order
Export as new Build Order

Reynor Zerg 

Build Orders: Hatch First, Lurkers 

Get SALT Encoding   

  12  0:00  Drone  
  13  0:11  Overlord  
  13  0:16  Drone  
  14  0:30  Drone x2  
  16  0:48  Hatchery  
  15  0:51  Drone  
  15  0:54  Drone  
  17  0:58  Drone  
  18  1:08  Extractor  
  17  1:14  Spawning Pool  
  17  1:16  Drone  
  17  1:19  Drone  
  18  1:27  Drone  
  19  1:37  Drone  
  20  1:49  Overlord  
  20  2:00  Queen x2  
  24  2:01  Zergling x2  
  24  2:02  Drone  
  26  2:10  Drone, Metabolic Boost  
  26  2:12  Drone  
  28  2:20  Drone  
  28  2:22  Drone  
  30  2:33  Hatchery  
  30  2:35  Zergling x2  
  30  2:39  Drone  
  30  2:44  Baneling Nest  
  30  2:46  Drone  
  30  2:49  Drone  
  32  2:57  Overlord  
  32  3:03  Drone  
  33  3:07  Drone  
  33  3:12  Zergling x4  
  36  3:16  Zergling x10  
  41  3:21  Overlord  
  41  3:25  Zergling x2  
  42  3:30  Baneling  
  42  3:33  Zergling x2  
  43  3:36  Overlord  
  43  3:40  Baneling x2  
  43  3:44  Drone  
  43  3:45  Drone x3  
  47  3:50  Overlord  
  47  3:51  Drone x3  
  47  3:52  Drone  
  50  3:57  Overlord  
  50  4:05  Overlord  
  50  4:10  Drone x2  
  50  4:14  Drone  
  50  4:17  Lair, Queen  
  51  4:19  Drone x2  
  55  4:24  Evolution Chamber  
  55  4:25  Drone x2  
  55  4:26  Drone  
  55  4:28  Drone x2  
  59  4:31  Drone, Extractor  
  59  4:33  Drone  
  59  4:37  Overlord  
  60  4:38  Drone  
  60  4:39  Drone  
  60  4:41  Extractor  
  60  4:42  Extractor  
  60  4:48  Roach Warren  
  60  4:49  Drone  
  60  4:50  Drone x2  
  60  4:51  Drone  
  60  4:52  Drone  
  64  4:59  Drone  
  64  5:02  Overlord  
  64  5:09  Overlord  
  64  5:12  Drone x2  
  64  5:13  Drone  
  67  5:18  Spire  
  67  5:19  Zergling x2  
  67  5:20  Zergling x10  
  72  5:26  Zergling x8  
  72  5:28  Zergling x2  
  77  5:32  Zergling x6  
  80  5:37  Baneling x4  
  80  5:46  Overlord  
  80  5:50  Spine Crawler  
  80  5:51  Spine Crawler x3  
  80  5:52  Spine Crawler  
  72  6:00  Spine Crawler  
  69  6:05  Zergling x8  
  69  6:06  Zergling x2  
  69  6:08  Roach x3  
  69  6:09  Roach  
  78  6:30  Mutalisk x6  
  78  6:31  Mutalisk  
  91  6:38  Queen  
  91  6:39  Baneling x2  
  93  6:40  Baneling  
  93  6:46  Zergling x10  
  95  6:51  Mutalisk  
  83  7:00  Mutalisk  
  80  7:03  Zergling x6  
  78  7:12  Mutalisk  
  78  7:15  Zergling x6  
  79  7:17  Zerg Flyer Weapons Level 1  
  79  7:19  Hatchery  
  78  7:24  Baneling Nest  
  77  7:32  Zergling x8  
  77  7:33  Drone x3  
  77  7:35  Mutalisk  
  86  7:40  Mutalisk  
  88  7:49  Mutalisk  
  90  7:51  Drone x2  
  90  7:52  Drone  
  90  7:56  Mutalisk  
  95  8:06  Zergling x6  
  98  8:13  Baneling x3  
  98  8:17  Drone x2  
  98  8:18  Drone x3  
  103  8:23  Mutalisk  
  103  8:25  Hatchery  
  104  8:29  Mutalisk  
  104  8:31  Overlord  
  105  8:35  Drone x2  
  105  8:36  Queen  
  105  8:40  Extractor x2  
  106  8:46  Mutalisk x2  
  106  8:48  Drone x3  
  113  8:49  Drone  
  113  8:57  Mutalisk  
  115  9:03  Centrifugal Hooks  
  115  9:06  Drone x2  
  115  9:08  Overseer  
  117  9:11  Drone x4  
  117  9:12  Drone x3  
  117  9:14  Overlord  
  124  9:18  Mutalisk  
  124  9:23  Mutalisk  
  128  9:26  Overlord  
  128  9:28  Mutalisk  
  128  9:31  Overlord  
  130  9:38  Zerg Flyer Weapons Level 2  
  130  9:41  Drone x5  
  130  9:45  Extractor  
  134  9:46  Extractor  
  133  9:57  Zergling x18  
  133  9:59  Hatchery, Zerg Melee Weapons Level 1  
  141  10:09  Drone x5  
  141  10:11  Mutalisk x3  
  152  10:20  Baneling  
  152  10:21  Baneling x14  
  152  10:23  Baneling  
  152  10:24  Baneling  
  152  10:27  Overlord  
  152  10:30  Baneling x3  
  152  10:31  Zergling x12  
  152  10:34  Overlord  
  158  10:40  Drone  
  158  10:41  Infestation Pit, Overlord  
  148  10:58  Baneling  
  148  10:59  Baneling x10  
  148  11:01  Zergling x26  
  161  11:04  Drone  
  161  11:05  Drone x2  
  158  11:24  Baneling x16  
  158  11:25  Baneling x3  
  148  11:27  Hive  
  148  11:28  Drone x2  
  148  11:29  Drone x7, Evolution Chamber, Hydralisk Den  
  155  11:42  Drone x4  
  156  11:48  Baneling x18  
  156  11:51  Baneling  
  156  11:52  Extractor  
  156  11:53  Drone x2, Extractor  
  156  12:01  Zerg Missile Weapons Level 1  
  156  12:02  Zerg Ground Armor Level 1  
  156  12:05  Muscular Augments  
  148  12:24  Hydralisk x5  
  148  12:25  Hydralisk x5  
  148  12:26  Overlord  
  168  12:37  Spore Crawler  
  167  12:44  Viper x3  
  167  12:48  Glial Reconstitution  
  167  12:50  Queen  
  178  12:53  Drone x2  
  178  12:54  Drone  
  178  12:55  Drone, Spore Crawler  
  178  12:56  Spore Crawler  
  178  12:57  Hydralisk x4, Drone  
  189  12:58  Hatchery, Spore Crawler  
  189  12:59  Spore Crawler x2, Lurker Den  
  189  13:02  Overlord  
  183  13:19  Overlord  
  180  13:31  Viper  
  180  13:32  Viper  
  184  13:35  Overlord  
  184  13:36  Drone x4  
  184  13:37  Spore Crawler  
  184  13:38  Spore Crawler  
  186  13:42  Hydralisk x3  
  186  13:44  Spore Crawler  
  186  13:45  Spore Crawler x2, Overlord  
  189  13:53  Pneumatized Carapace  
  189  13:55  Zerg Missile Weapons Level 2  
  189  13:56  Zerg Ground Armor Level 2  
  189  13:57  Overseer  
  189  13:59  Overseer  
  189  14:03  Seismic Spines  
  189  14:05  Lurker x5  
  189  14:07  Drone x3  
  189  14:09  Spore Crawler, Spine Crawler x2  
  194  14:15  Hydralisk x2  
  198  14:21  Extractor  
  197  14:24  Extractor  
  196  14:43  Evolution Chamber  
  196  14:44  Evolution Chamber  
  191  14:51  Roach x4  
  199  15:01  Adaptive Talons  
  199  15:14  Spore Crawler  
  198  15:18  Spore Crawler, Lurker x3, Spine Crawler x2  
  198  15:19  Lurker  
  199  15:29  Overseer x2  
  199  15:30  Overseer x3  
  191  15:53  Hydralisk  
  191  15:54  Hydralisk x4  
  199  16:09  Hatchery  
  198  16:14  Zerg Missile Weapons Level 3  
  198  16:15  Zerg Ground Armor Level 3  
  182  16:39  Hydralisk x17  
  187  16:44  Viper  
  187  16:45  Viper x2  
  186  16:47  Overlord  
  186  16:51  Hydralisk x7  
  196  16:54  Overlord  
  196  17:07  Lurker x4  
  193  18:07  Hydralisk  
  193  18:08  Hydralisk x10  
  183  18:23  Viper x2  
  183  18:24  Viper x2  
  192  18:28  Overlord  
  192  18:31  Hydralisk  
  192  18:32  Hydralisk  
  192  18:33  Overseer x3  
  190  18:44  Overlord  
  190  18:48  Extractor  
  190  18:49  Lurker x6  
  190  18:50  Lurker x2, Extractor  
  190  18:52  Hydralisk x2  
  200  19:04  Overseer  
  197  19:18  Hatchery  
  197  19:20  Lurker x4  
  197  19:23  Hydralisk  
  199  20:05  Overseer  
  180  20:37  Hydralisk x11  
  193  20:44  Viper x2  
  199  21:00  Extractor  
  199  21:02  Extractor  
  197  21:13  Spore Crawler, Spine Crawler  
  197  21:14  Spine Crawler  
  197  21:15  Spine Crawler  
  193  21:21  Lurker x2  
  193  21:22  Lurker x5  
  193  21:23  Overseer x5  
  193  21:24  Overlord x5  
  196  21:42  Hydralisk x2  
  190  22:12  Viper x3  
  190  22:13  Viper x2  
  199  22:26  Overseer  
  184  22:39  Overseer, Overlord  
  128  22:52  Hydralisk  
  128  22:53  Hydralisk x13  
  128  22:54  Viper x7  
  128  22:55  Roach  
  128  22:56  Hydralisk x2  
  175  22:58  Overseer  
  175  23:01  Viper x3  
  175  23:05  Overlord  
  177  23:12  Hydralisk  
  177  23:13  Hatchery, Hydralisk x3  
  179  23:28  Evolution Chamber  
  179  23:29  Hydralisk x2, Lurker x4, Evolution Chamber  
  179  23:30  Hydralisk x4, Evolution Chamber  
  192  23:46  Overseer x3  
  192  23:50  Overlord x2  
  192  23:52  Overseer x2  
  192  24:07  Overlord  
  192  24:11  Hydralisk x4  
  200  24:26  Spine Crawler x2  
  154  24:46  Hydralisk x9  
  154  24:47  Viper x4  
  154  24:48  Viper  
  184  24:57  Overseer x2  
  178  25:06  Drone x5  
  183  25:25  Queen  
  185  25:34  Lurker  
  185  25:35  Lurker x3  
  189  25:37  Drone x4  
  189  25:41  Lurker x3  
  196  25:44  Hydralisk x3, Extractor x2, Spore Crawler  
  195  26:03  Lurker x5  
  193  26:07  Hydralisk  
  191  26:14  Hydralisk x4  
  199  26:31  Spore Crawler  
  199  26:32  Spine Crawler  
  197  26:33  Spine Crawler  
  197  26:39  Hatchery  
  176  26:49  Hydralisk  
  176  26:50  Hydralisk x11  
  172  26:59  Viper x4  
  169  27:06  Hydralisk x6  
  169  27:07  Hydralisk  
  169  27:08  Overlord x6  
  183  27:13  Overseer  
  183  27:22  Lurker  
  183  27:26  Overseer x3, Overlord  
  184  27:33  Roach x8  
  200  28:09  Overseer x2  
  200  28:11  Spore Crawler  
  189  28:27  Hydralisk x5  
  189  28:30  Overseer  
  193  28:46  Overseer  
  193  28:55  Hydralisk x2  
  193  28:56  Hydralisk  
  193  28:57  Overseer  
  199  29:03  Overseer  
  199  29:31  Viper x4  
  186  29:38  Overseer  
  198  29:50  Overseer  
  198  29:54  Overseer  
  198  30:06  Overseer  
  184  30:16  Overseer  
  180  30:33  Overseer x2  
  157  30:36  Hydralisk x7  
  157  30:37  Hydralisk x12  
  190  31:00  Overseer x2  
  190  31:10  Hydralisk x15  
  159  31:22  Overlord  
  159  31:24  Lurker x9  
  159  31:25  Hatchery, Hydralisk x13  
  193  31:33  Overlord x5  
  167  31:46  Overlord  
  161  31:49  Roach x4  
  161  31:52  Roach  
  161  31:53  Queen, Roach x3  
  179  31:56  Roach x4  
  179  31:59  Overseer  
  185  32:02  Roach x3  
  185  32:03  Overseer  
  185  32:05  Overseer x2  
  191  32:09  Roach x3  
  197  32:16  Overseer  
  156  32:40  Overseer x2  
  156  32:41  Viper  
  126  33:03  Overseer  
  126  33:05  Roach x6  
  138  33:06  Zergling x40  
  138  33:09  Roach  
  138  33:10  Overseer  
  138  33:12  Queen  
  158  33:18  Roach x2  
  163  33:27  Roach x3  
  163  33:28  Roach  
  170  33:36  Roach x4  
  177  33:50  Roach x5  
  186  34:07  Roach  
  186  34:08  Roach x5  
  194  34:13  Roach x2  
  194  34:14  Zergling x2  
  199  34:18  Overseer  
  192  34:34  Overlord  
  186  34:39  Overseer x2  
  186  34:43  Hydralisk x4  
Show
View Real Time Build Order
Export as new Build Order

Dark Zerg - Winner!

Build Orders: Hatch First, Lurkers 

Get SALT Encoding   

  12  0:00  Drone  
  13  0:11  Overlord  
  13  0:16  Drone  
  14  0:30  Drone x2  
  16  0:47  Hatchery  
  15  0:50  Drone  
  15  0:53  Drone  
  15  0:57  Drone  
  18  1:08  Extractor  
  17  1:12  Spawning Pool  
  17  1:15  Drone  
  17  1:18  Drone  
  18  1:27  Drone  
  19  1:39  Drone  
  20  1:49  Drone  
  21  1:59  Queen x2  
  21  2:00  Drone  
  26  2:02  Zergling x2  
  27  2:10  Overlord  
  27  2:11  Drone  
  27  2:12  Metabolic Boost  
  28  2:28  Drone x2  
  30  2:31  Drone  
  30  2:32  Drone  
  32  2:37  Hatchery  
  32  2:43  Queen  
  33  2:49  Baneling Nest  
  32  2:55  Overlord  
  32  2:58  Drone  
  33  2:59  Drone  
  33  3:00  Zergling x2  
  33  3:04  Zergling x2  
  36  3:15  Drone x3  
  36  3:16  Overlord, Zergling x2  
  40  3:27  Drone x2, Evolution Chamber  
  42  3:32  Baneling  
  40  3:36  Zergling x4  
  40  3:38  Baneling  
  40  3:40  Drone  
  40  3:41  Drone  
  44  3:45  Roach Warren  
  44  3:46  Baneling  
  43  3:56  Zergling x6  
  43  3:58  Drone x3  
  49  4:09  Zergling x6  
  52  4:10  Zerg Ground Armor Level 1, Baneling  
  52  4:14  Drone  
  52  4:19  Drone x3  
  52  4:21  Baneling  
  55  4:24  Overlord  
  55  4:28  Extractor, Zergling x4  
  55  4:29  Extractor  
  55  4:32  Drone  
  55  4:38  Drone  
  57  4:40  Overlord x2  
  57  4:45  Drone  
  58  4:50  Drone x2  
  58  4:51  Drone  
  61  4:55  Overlord x2  
  61  4:56  Drone, Overlord  
  61  4:57  Drone  
  61  4:58  Overlord  
  63  5:15  Roach  
  63  5:16  Roach x6  
  63  5:19  Roach x2  
  63  5:20  Roach  
  83  5:23  Roach  
  83  5:26  Roach  
  83  5:27  Roach  
  89  5:31  Roach x2  
  89  5:33  Roach  
  95  5:36  Roach  
  97  5:47  Zergling x16  
  105  5:51  Baneling x2  
  104  6:06  Zergling x18  
  104  6:09  Zergling x2  
  113  6:13  Zerg Missile Weapons Level 1  
  113  6:21  Overlord, Zergling x2  
  114  6:27  Overlord  
  114  6:29  Baneling x7  
  114  6:30  Baneling  
  113  6:35  Zergling x8  
  107  6:47  Zergling x4  
  107  6:48  Zergling x6  
  96  6:56  Queen x2  
  96  6:58  Drone  
  96  6:59  Drone x2  
  96  7:00  Drone  
  96  7:01  Drone  
  102  7:08  Drone x4  
  96  7:09  Lair  
  96  7:10  Drone  
  96  7:11  Drone x2  
  96  7:12  Drone  
  82  7:16  Drone  
  82  7:20  Spore Crawler  
  82  7:21  Spore Crawler  
  82  7:22  Spore Crawler  
  74  7:23  Drone  
  74  7:27  Spore Crawler  
  74  7:31  Spore Crawler  
  74  7:35  Roach x2  
  74  7:36  Roach  
  79  7:37  Roach  
  79  7:38  Roach  
  79  7:40  Drone  
  79  7:43  Drone  
  85  7:44  Drone  
  85  7:46  Extractor  
  85  7:53  Roach x2  
  85  7:54  Spore Crawler  
  85  7:55  Drone  
  88  8:01  Queen x2  
  88  8:04  Drone x2  
  94  8:07  Spore Crawler  
  94  8:10  Drone x3, Extractor, Infestation Pit  
  94  8:11  Extractor  
  94  8:12  Drone  
  93  8:15  Drone  
  93  8:16  Drone x2  
  96  8:23  Overlord  
  96  8:29  Queen  
  97  8:35  Overlord, Zerg Missile Weapons Level 2, Glial Reconstitution  
  97  8:41  Overlord, Hydralisk Den  
  97  8:42  Drone  
  97  8:43  Drone  
  97  8:44  Drone x4  
  97  8:47  Pathogen Glands  
  94  9:04  Drone  
  94  9:07  Spore Crawler  
  94  9:10  Infestor x5  
  94  9:11  Grooved Spines  
  94  9:13  Queen x2  
  94  9:16  Queen  
  108  9:20  Roach  
  108  9:22  Roach x2  
  118  9:24  Roach  
  118  9:29  Drone x2  
  118  9:31  Lurker Den  
  118  9:34  Overlord x2  
  118  9:37  Overlord  
  116  9:47  Spore Crawler  
  116  9:48  Overlord  
  116  9:50  Hive  
  116  9:51  Overlord  
  115  9:53  Roach  
  115  9:54  Roach x3  
  115  9:57  Roach  
  126  10:00  Drone  
  126  10:07  Hydralisk x4  
  126  10:12  Hydralisk x2  
  138  10:18  Hydralisk  
  138  10:19  Hydralisk  
  138  10:20  Drone x3  
  141  10:21  Hydralisk x3  
  141  10:26  Spore Crawler  
  146  10:30  Hydralisk x2  
  146  10:34  Lurker  
  153  10:35  Lurker x2  
  153  10:43  Lurker  
  153  10:44  Lurker  
  153  10:46  Overlord x3  
  150  10:52  Roach x2  
  150  10:56  Overlord  
  151  10:57  Overlord  
  151  11:03  Overlord  
  151  11:06  Hatchery  
  151  11:07  Seismic Spines  
  150  11:17  Lurker  
  147  11:28  Drone x2  
  147  11:29  Viper x2  
  155  11:37  Drone x2  
  157  11:42  Spore Crawler  
  157  11:43  Spore Crawler  
  157  11:45  Spore Crawler  
  157  11:46  Spore Crawler  
  153  11:52  Lurker  
  153  11:53  Lurker x2  
  156  11:54  Overlord  
  156  11:55  Drone  
  156  11:56  Drone  
  158  12:03  Spore Crawler  
  158  12:06  Lurker  
  159  12:08  Drone x3  
  161  12:22  Zerg Missile Weapons Level 3  
  159  12:25  Hatchery  
  158  12:32  Drone x2  
  160  12:38  Adaptive Talons  
  160  12:39  Hydralisk, Muscular Augments  
  160  12:41  Hatchery  
  161  12:49  Spore Crawler, Drone x4  
  161  12:50  Drone  
  165  12:55  Lurker  
  165  12:56  Spore Crawler x2  
  165  12:57  Drone, Lurker  
  166  13:08  Drone  
  166  13:10  Drone x2  
  166  13:12  Extractor  
  168  13:16  Lurker  
  168  13:19  Hydralisk x2  
  169  13:20  Hydralisk  
  175  13:28  Extractor  
  174  13:36  Evolution Chamber  
  174  13:37  Drone, Evolution Chamber  
  174  13:38  Drone x2, Evolution Chamber  
  174  13:41  Spine Crawler  
  173  13:43  Spore Crawler, Viper x3  
  173  13:47  Overlord, Lurker  
  182  13:52  Evolution Chamber  
  182  13:54  Drone x2, Evolution Chamber x2  
  182  13:55  Drone x2  
  181  13:56  Drone x2  
  181  13:57  Drone x2, Extractor  
  181  13:59  Hydralisk  
  186  14:06  Evolution Chamber x2  
  186  14:07  Evolution Chamber  
  186  14:09  Hydralisk  
  185  14:11  Lurker x2  
  185  14:12  Drone  
  188  14:29  Spore Crawler  
  188  14:31  Spore Crawler  
  186  14:36  Spore Crawler  
  186  14:37  Hydralisk x2  
  186  14:38  Spore Crawler, Drone x3  
  189  14:41  Evolution Chamber  
  190  14:49  Hydralisk x2  
  190  14:51  Overseer  
  190  14:52  Pneumatized Carapace  
  194  14:59  Zerg Ground Armor Level 2  
  194  15:05  Drone  
  191  15:15  Overseer x2  
  191  15:16  Overseer x2  
  191  15:27  Spore Crawler  
  190  15:29  Spore Crawler  
  190  15:30  Lurker x6  
  195  15:37  Spore Crawler x2, Spine Crawler  
  195  15:38  Spine Crawler  
  195  15:40  Spine Crawler  
  195  15:42  Drone x6, Spore Crawler x2  
  195  15:44  Spore Crawler  
  195  15:45  Spore Crawler  
  191  15:50  Overseer  
  191  15:51  Drone x2  
  191  15:52  Drone x2  
  193  16:09  Hatchery  
  192  16:12  Viper  
  192  16:13  Viper  
  199  16:26  Hatchery  
  177  16:43  Hydralisk  
  177  16:44  Hydralisk x2  
  180  16:49  Hatchery  
  180  16:53  Hydralisk x3  
  180  16:54  Hydralisk  
  181  16:59  Evolution Chamber  
  181  17:01  Drone x2  
  188  17:11  Spore Crawler  
  188  17:13  Spore Crawler  
  186  17:21  Spore Crawler  
  186  17:22  Spore Crawler x2, Zerg Ground Armor Level 3  
  183  17:23  Drone x2  
  183  17:24  Extractor  
  183  17:25  Lurker x2  
  183  17:26  Lurker x5  
  183  17:29  Extractor  
  190  17:35  Evolution Chamber  
  187  17:37  Evolution Chamber  
  187  17:39  Drone  
  187  17:40  Drone x10  
  187  17:42  Spore Crawler  
  187  18:25  Hydralisk x6  
  197  18:36  Extractor  
  197  18:39  Spore Crawler  
  197  18:41  Spore Crawler x2  
  194  18:42  Spore Crawler  
  194  18:44  Spore Crawler  
  194  18:45  Spore Crawler  
  194  18:46  Spore Crawler  
  194  18:47  Hydralisk  
  194  18:50  Spine Crawler  
  194  18:51  Spine Crawler  
  194  18:52  Baneling Nest  
  191  19:01  Hydralisk x3  
  191  19:02  Hydralisk  
  199  19:04  Spore Crawler  
  193  19:18  Lurker x2  
  193  19:19  Lurker  
  196  19:26  Viper  
  199  19:32  Lurker  
  199  19:36  Spine Crawler  
  199  19:37  Drone x2, Spine Crawler, Spore Crawler x2  
  199  19:38  Drone  
  199  19:42  Overseer x3  
  199  19:54  Lurker  
  200  20:06  Viper  
  200  20:07  Viper x2  
  197  20:15  Viper  
  199  20:34  Hydralisk x4  
  196  20:46  Hatchery  
  196  20:48  Lurker x4  
  199  21:03  Drone  
  200  21:12  Extractor  
  200  21:13  Spore Crawler, Extractor  
  200  21:14  Spore Crawler  
  200  21:15  Spore Crawler x3  
  200  21:17  Spore Crawler x2  
  191  21:19  Spore Crawler  
  191  21:20  Spore Crawler  
  189  21:29  Drone x6  
  189  21:30  Drone x3  
  189  21:32  Drone x2  
  200  21:35  Overseer  
  200  21:50  Spore Crawler  
  199  21:58  Drone  
  199  21:59  Drone  
  198  22:02  Spore Crawler  
  197  22:12  Drone x3  
  200  22:17  Evolution Chamber x2  
  200  22:18  Evolution Chamber x2  
  200  22:20  Evolution Chamber  
  195  22:24  Spore Crawler x2  
  195  22:26  Spine Crawler  
  195  22:27  Drone x8  
  195  22:28  Spine Crawler  
  186  22:54  Hydralisk x3  
  192  23:00  Viper x2  
  198  23:07  Lurker  
  198  23:08  Lurker  
  197  23:23  Spore Crawler x2  
  197  23:24  Spore Crawler x3  
  197  23:25  Spore Crawler x2, Drone x3  
  193  23:27  Spore Crawler  
  192  23:35  Lurker x2  
  194  23:46  Spore Crawler  
  193  23:48  Spore Crawler x2  
  193  23:51  Lurker  
  193  23:52  Evolution Chamber  
  193  23:53  Evolution Chamber  
  193  23:54  Evolution Chamber  
  193  23:55  Evolution Chamber  
  188  24:06  Hydralisk x6  
  200  24:12  Spore Crawler  
  200  24:13  Spore Crawler  
  200  24:16  Spore Crawler  
  167  24:46  Viper x6  
  174  25:04  Hydralisk x13  
  200  25:48  Hatchery  
  192  26:01  Hydralisk x4  
  181  26:58  Hydralisk x3  
  183  27:02  Hydralisk x8  
  183  27:07  Drone  
  200  27:27  Extractor x2  
  199  27:30  Drone  
  199  28:05  Evolution Chamber  
  199  28:07  Evolution Chamber  
  199  28:08  Evolution Chamber  
  199  28:10  Drone x2  
  198  28:27  Overseer  
  198  28:28  Overseer  
  186  28:43  Overseer x8, Viper x4  
  198  28:54  Evolution Chamber x2  
  190  29:10  Viper x3  
  190  29:16  Drone, Evolution Chamber  
  199  29:17  Drone  
  197  29:29  Hydralisk x6  
  200  29:47  Overseer x8  
  200  30:13  Hydralisk  
  200  30:14  Hydralisk x6  
  199  30:33  Drone  
  197  30:45  Hydralisk  
  185  31:11  Hydralisk  
  185  31:12  Hydralisk x5  
  185  31:15  Hydralisk  
  199  31:33  Overseer x7  
  171  31:43  Hydralisk x4  
  171  31:47  Drone x4  
  164  31:48  Drone x4  
  164  31:50  Drone x3  
  170  31:54  Spore Crawler  
  170  31:55  Spore Crawler, Lurker x2  
  170  31:56  Lurker x4  
  170  32:01  Lurker x2  
  176  32:04  Drone x3  
  176  32:06  Lurker x7  
  176  32:07  Spine Crawler  
  176  32:08  Hydralisk x7  
  199  32:17  Hatchery  
  198  32:26  Hydralisk  
  196  32:40  Hydralisk  
  195  32:44  Hydralisk x2  
  195  32:49  Hydralisk  
  195  32:50  Hydralisk  
  191  33:06  Hydralisk x3  
  197  33:13  Drone x3  
  198  33:48  Spore Crawler  
  197  33:49  Drone x4, Spore Crawler  
  197  33:51  Spore Crawler, Drone  
  197  34:07  Extractor  
  197  34:08  Spore Crawler  
  197  34:09  Spore Crawler  
  194  34:10  Spore Crawler  
  194  34:11  Extractor  
  194  34:15  Hydralisk x2  
  196  34:42  Hydralisk x2  

Tags
 
Add a new tag
Caveats
  • Supply blocks, unpowered buildings, or Contaminate may cause inaccurate times.
  • Supply counts are checked every 10 seconds.